MLB
ATLANTA BRAVES @ OAKLAND ATHLETICS
07/21/2020
 
TOP OF THE 1ST
Atlanta Braves batting - Pitching for Oakland Athletics : RHP Yefry Ramirez
Pitching: RHP Yefry Ramirez
Batting: LHB Mallex Smith 0-0: Ball
1-0: Ball
2-0: Called Strike
2-1: Reached on error, E3 (Groundball, 3, EV 80.0 MPH)
Batting: LHB Luis Arraez 0-0: Called Strike
0-1: Ball
1-1: Foul Ball, location: 2F
1-2: Ball
2-2: Ball
3-2: Base on Balls
Mallex Smith to second
Batting: LHB Freddie Freeman 0-0: Swinging Strike
0-1: Swinging Strike
0-2: Fly out, F8 (Flyball, 8LXD, EV 94.4 MPH)
Runner from 2nd tags up, SAFE at 3rd, no throw by CF
Batting: LHB Yordan Alvarez Pickoff Throw to First - Out! 1-3
0-0: Called Strike
0-1: Ball
1-1: Ball
2-1: Fly out, F7 (Flyball, 7S, EV 82.5 MPH)
Top of the 1st over - 0 runs, 0 hits, 1 error, 1 left on base; Atlanta 0 - Oakland 0
BOTTOM OF THE 1ST
Oakland Athletics batting - Pitching for Atlanta Braves : RHP Kevin Gausman
Pitching: RHP Kevin Gausman
Batting: RHB Nick Solak 0-0: Ball
1-0: SINGLE (Groundball, 34D, EV 94.4 MPH)
Batting: LHB Scooter Gennett 0-0: Called Strike
0-1: Swinging Strike
0-2: Foul Ball, location: 2F
0-2: Ball
1-2: Foul Ball, location: 2F
1-2: Ball
2-2: Foul Ball, location: 2F
2-2: Foul Ball, location: 2F
2-2: Foul Ball, location: 2F
2-2: Strikes out swinging
Batting: LHB Joey Votto 0-0: Ball
1-0: Swinging Strike
1-1: Ball
2-1: Ball
3-1: Foul Ball, location: 2F
3-2: Fly out, F8 (Flyball, 8RS, EV 84.4 MPH)
Batting: RHB Luke Voit 0-0: Ball
1-0: Called Strike
1-1: Fielders Choice at 2nd, 6-4 (Groundball, 6, EV 93.1 MPH)
Bottom of the 1st over - 0 runs, 1 hit, 0 errors, 1 left on base; Atlanta 0 - Oakland 0
TOP OF THE 2ND
Atlanta Braves batting - Pitching for Oakland Athletics : RHP Yefry Ramirez
Batting: LHB Corey Seager 0-0: Ground out 4-3 (Groundball, 4, EV 80.0 MPH)
Batting: RHB Vladimir Guerrero Jr. 0-0: Called Strike
0-1: Ball
1-1: Ball
2-1: Foul Ball, location: 2F
2-2: Ball
3-2: SINGLE (Groundball, 4MD, EV 95.0 MPH)
Batting: RHB Yasiel Puig 0-0: Swinging Strike
0-1: Foul Ball, location: 2F
0-2: Foul Ball, location: 2F
0-2: Strikes out swinging
Batting: RHB Addison Russell 0-0: Ball
1-0: Swinging Strike
1-1: Foul Ball, location: 2F
1-2: Foul Ball, location: 2F
1-2: Foul Ball, location: 2F
1-2: Foul Ball, location: 2F
1-2: SINGLE (Line Drive, 89S, EV 94.4 MPH)
Vladimir Guerrero Jr. to second
Runner from 2nd tries for 3rd, SAFE, throw by RF made to third
Batting: RHB Russell Martin 0-0: Called Strike
0-1: Ball
1-1: Called Strike
1-2: Ball
2-2: Foul Ball, location: 2F
2-2: Ball
3-2: Fly out, F2 (Popup, 2RF, EV 83.1 MPH)
Top of the 2nd over - 0 runs, 2 hits, 0 errors, 2 left on base; Atlanta 0 - Oakland 0
BOTTOM OF THE 2ND
Oakland Athletics batting - Pitching for Atlanta Braves : RHP Kevin Gausman
Batting: LHB Mike Tauchman 0-0: Foul Ball, location: 2F
0-1: Called Strike
0-2: DOUBLE (Flyball, 8LXD, EV 100.6 MPH)
Batting: RHB Kurt Suzuki 0-0: Ball
1-0: Called Strike
1-1: Ground out U3 (Groundball, 3S, EV 88.8 MPH)
Mike Tauchman to third
Batting: SHB Freddy Galvis 0-0: Ball
1-0: Ground out 6-3 (Groundball, 6, EV 98.1 MPH)
Mike Tauchman scores
Batting: RHB Yandy Diaz 0-0: Ball
1-0: Ball
2-0: Called Strike
2-1: Ball
3-1: Called Strike
3-2: Foul Ball, location: 2F
3-2: SINGLE (Flyball, 9LS, EV 90.0 MPH)
Batting: LHB Alex Dickerson 0-0: Ball
1-0: Ball
2-0: Called Strike
2-1: Foul Ball, location: 2F
2-2: SINGLE (Groundball, 34D, EV 106.9 MPH)
Yandy Diaz to second
Runner from 2nd tries for 3rd, SAFE, throw by RF made to third
Batting: RHB Nick Solak 0-0: Ball
1-0: Swinging Strike
1-1: Swinging Strike
1-2: Foul Ball, location: 2F
1-2: Foul Ball, location: 2F
1-2: Strikes out swinging
Bottom of the 2nd over - 1 run, 3 hits, 0 errors, 2 left on base; Atlanta 0 - Oakland 1
TOP OF THE 3RD
Atlanta Braves batting - Pitching for Oakland Athletics : RHP Yefry Ramirez
Batting: LHB Mallex Smith 0-0: Ball
1-0: Ball
2-0: Called Strike
2-1: SINGLE (Line Drive, 8LM, EV 91.3 MPH)
Batting: LHB Luis Arraez 0-0: Ball
1-0: Ball
2-0: Foul Ball, location: 2F
2-1: Sac Bunt to 2L - play at first, batter OUT! 2-3
Mallex Smith to second
Batting: LHB Freddie Freeman 0-0: Called Strike
0-1: Ball
1-1: Swinging Strike
1-2: Ball
2-2: Strikes out swinging
Batting: LHB Yordan Alvarez 0-0: Ball
1-0: Foul Ball, location: 2F
1-1: Foul Ball, location: 2F
1-2: Ball
2-2: Foul Ball, location: 2F
2-2: Foul Ball, location: 2F
2-2: Ball
3-2: Foul Ball, location: 2F
3-2: Fly out, F7 (Flyball, 7LM, EV 88.1 MPH)
Top of the 3rd over - 0 runs, 1 hit, 0 errors, 1 left on base; Atlanta 0 - Oakland 1
BOTTOM OF THE 3RD
Oakland Athletics batting - Pitching for Atlanta Braves : RHP Kevin Gausman
Batting: LHB Scooter Gennett 0-0: Ball
1-0: Ball
2-0: Ground out 4-3 (Groundball, 4, EV 90.6 MPH)
Batting: LHB Joey Votto 0-0: Called Strike
0-1: Ground out 6-3 (Groundball, 6, EV 91.3 MPH)
Batting: RHB Luke Voit 0-0: Ball
1-0: DOUBLE (Line Drive, 78XD, EV 105.6 MPH)
Batting: LHB Mike Tauchman 0-0: Ball
1-0: Foul Ball, location: 2F
1-1: Fly out, F7 (Flyball, 7LM, EV 91.9 MPH)
Bottom of the 3rd over - 0 runs, 1 hit, 0 errors, 1 left on base; Atlanta 0 - Oakland 1
TOP OF THE 4TH
Atlanta Braves batting - Pitching for Oakland Athletics : RHP Yefry Ramirez
Batting: LHB Corey Seager 0-0: Called Strike
0-1: Ground out 4-3 (Groundball, 4M, EV 86.3 MPH)
Batting: RHB Vladimir Guerrero Jr. 0-0: Fly out, F6 (Line Drive, 6, EV 73.1 MPH)
Batting: RHB Yasiel Puig 0-0: Ball
1-0: Called Strike
1-1: Called Strike
1-2: Strikes out swinging
Top of the 4th over - 0 runs, 0 hits, 0 errors, 0 left on base; Atlanta 0 - Oakland 1
BOTTOM OF THE 4TH
Oakland Athletics batting - Pitching for Atlanta Braves : RHP Kevin Gausman
Batting: RHB Kurt Suzuki 0-0: Called Strike
0-1: Ball
1-1: Ground out 6-3 (Groundball, 56, EV 103.1 MPH)
Batting: SHB Freddy Galvis 0-0: Ball
1-0: Called Strike
1-1: Ball
2-1: DOUBLE (Line Drive, 78XD, EV 107.5 MPH)
Batting: RHB Yandy Diaz 0-0: Swinging Strike
0-1: Swinging Strike
0-2: Ball
1-2: Strikes out swinging
Batting: LHB Alex Dickerson 0-0: Ball
1-0: Ball
2-0: Fly out, F7 (Flyball, 7LM, EV 108.8 MPH)
Bottom of the 4th over - 0 runs, 1 hit, 0 errors, 1 left on base; Atlanta 0 - Oakland 1
TOP OF THE 5TH
Atlanta Braves batting - Pitching for Oakland Athletics : RHP Yefry Ramirez
Batting: RHB Addison Russell 0-0: Ball
1-0: Foul Ball, location: 2F
1-1: Ball
2-1: Ball
3-1: Base on Balls
Batting: RHB Russell Martin 0-0: Called Strike
0-1: Swinging Strike
0-2: Ball
1-2: Strikes out looking
Batting: LHB Mallex Smith 0-0: Ball
1-0: Ball
2-0: Ground out 5-3 (Groundball, 56, EV 83.8 MPH)
Addison Russell to second
Batting: LHB Luis Arraez 0-0: Ball
1-0: SINGLE (Groundball, 6D, EV 96.9 MPH)
Addison Russell to third
Batting: LHB Freddie Freeman 0-0: Ball
1-0: Ball
2-0: Foul Ball, location: 2F
2-1: 3-RUN HOME RUN (Flyball, 9D, EV 103.8 MPH), Distance : 391 ft
Batting: LHB Yordan Alvarez 0-0: Ball
1-0: Ball
2-0: Called Strike
2-1: Ball
3-1: Called Strike
3-2: SINGLE (Line Drive, 5, EV 70.0 MPH) (infield hit)
Pitching: RHP Felix Bautista
Batting: LHB Corey Seager 0-0: Ball
1-0: Ball
2-0: Ball
3-0: Base on Balls
Yordan Alvarez to second
Batting: RHB Vladimir Guerrero Jr. 0-0: Ball
1-0: Swinging Strike
1-1: Ball
2-1: Ball
3-1: Base on Balls
Yordan Alvarez to third
Corey Seager to second
Batting: RHB Yasiel Puig 0-0: Ball
1-0: Ball
2-0: Ball
3-0: Called Strike
3-1: Base on Balls
Yordan Alvarez scores
Corey Seager to third
Vladimir Guerrero Jr. to second
Batting: RHB Addison Russell 0-0: Fielders Choice at 2nd, 6-4 (Groundball, 6, EV 91.3 MPH)
Top of the 5th over - 4 runs, 3 hits, 0 errors, 3 left on base; Atlanta 4 - Oakland 1
BOTTOM OF THE 5TH
Oakland Athletics batting - Pitching for Atlanta Braves : RHP Kevin Gausman
Batting: RHB Nick Solak 0-0: Ball
1-0: Called Strike
1-1: Fly out, F9 (Line Drive, 9, EV 94.4 MPH)
Batting: LHB Scooter Gennett 0-0: Ball
1-0: Ball
2-0: Ball
3-0: Fly out, F8 (Flyball, 8LXD, EV 103.8 MPH)
Batting: LHB Joey Votto 0-0: Ball
1-0: Foul Ball, location: 2F
1-1: Ball
2-1: Foul Ball, location: 2F
2-2: Ball
3-2: Ground out 4-3 (Groundball, 4, EV 93.8 MPH)
Bottom of the 5th over - 0 runs, 0 hits, 0 errors, 0 left on base; Atlanta 4 - Oakland 1
TOP OF THE 6TH
Atlanta Braves batting - Pitching for Oakland Athletics : RHP Felix Bautista
Batting: RHB Russell Martin 0-0: Ball
1-0: Called Strike
1-1: Swinging Strike
1-2: Ball
2-2: Strikes out looking
Batting: LHB Mallex Smith 0-0: Foul Ball, location: 2F
0-1: Ball
1-1: Foul Ball, location: 2F
1-2: Strikes out looking
Batting: LHB Luis Arraez 0-0: Ball
1-0: Called Strike
1-1: Foul Ball, location: 2F
1-2: Ball
2-2: Fly out, F7 (Flyball, 7LM, EV 87.5 MPH)
Top of the 6th over - 0 runs, 0 hits, 0 errors, 0 left on base; Atlanta 4 - Oakland 1
BOTTOM OF THE 6TH
Oakland Athletics batting - Pitching for Atlanta Braves : RHP Kevin Gausman
Pitching: LHP Daniel Zamora
Batting: RHB Luke Voit 0-0: Ball
1-0: Foul Ball, location: 2F
1-1: Ground out 6-3 (Groundball, 6, EV 84.4 MPH)
Batting: LHB Mike Tauchman 0-0: Ball
1-0: Ball
2-0: Ball
3-0: Called Strike
3-1: Swinging Strike
3-2: Base on Balls
Batting: RHB Kurt Suzuki 0-0: Hit by Pitch
Mike Tauchman to second
Pinch Runner at 1st Shed Long Jr.:
Batting: SHB Freddy Galvis 0-0: Called Strike
0-1: Ball
1-1: Called Strike
1-2: Ball
2-2: Strikes out swinging
Batting: RHB Yandy Diaz 0-0: Ball
1-0: Foul Ball, location: 2F
1-1: Foul Ball, location: 2F
1-2: Foul Ball, location: 2F
1-2: Ball
2-2: Foul Ball, location: 2F
2-2: Fielders Choice at 2nd, 5-4 (Groundball, 56, EV 109.4 MPH)
Bottom of the 6th over - 0 runs, 0 hits, 0 errors, 2 left on base; Atlanta 4 - Oakland 1
TOP OF THE 7TH
Atlanta Braves batting - Pitching for Oakland Athletics : RHP Felix Bautista
Pitching: RHP DeMarcus Evans
Now at C: Cam Gallagher
Batting: LHB Freddie Freeman 0-0: Foul Ball, location: 2F
0-1: Ball
1-1: Foul Ball, location: 2F
1-2: SOLO HOME RUN (Line Drive, 7D, EV 96.9 MPH), Distance : 391 ft
Batting: LHB Yordan Alvarez 0-0: Called Strike
0-1: SINGLE (Flyball, 9, EV 85.0 MPH)
Batting: LHB Corey Seager 0-0: Ball
1-0: Ball
2-0: Ball
3-0: Called Strike
3-1: Base on Balls
Yordan Alvarez to second
Batting: RHB Vladimir Guerrero Jr. 0-0: Called Strike
0-1: Foul Ball, location: 2F
0-2: Ball
1-2: Fly out, F2 (Popup, 23F, EV 86.9 MPH)
Batting: RHB Yasiel Puig 0-0: Ball
1-0: Foul Ball, location: 2F
1-1: Ball
2-1: Called Strike
2-2: Strikes out swinging
Batting: RHB Addison Russell 0-0: Ball
1-0: Ball
2-0: Ball
3-0: Called Strike
3-1: Foul Ball, location: 2F
3-2: Strikes out swinging
Top of the 7th over - 1 run, 2 hits, 0 errors, 2 left on base; Atlanta 5 - Oakland 1
BOTTOM OF THE 7TH
Oakland Athletics batting - Pitching for Atlanta Braves : LHP Daniel Zamora
Pitching: RHP Brandon Workman
Batting: LHB Alex Dickerson 0-0: Called Strike
0-1: Ball
1-1: Foul Ball, location: 2F
1-2: Ball
2-2: Foul Ball, location: 2F
2-2: Ball
3-2: Base on Balls
Batting: RHB Nick Solak 0-0: Called Strike
0-1: Ball
1-1: Called Strike
1-2: Ball
2-2: Foul Ball, location: 2F
2-2: Foul Ball, location: 2F
2-2: Ball
3-2: Fly out, F9 (Flyball, 89M, EV 90.6 MPH)
Batting: LHB Scooter Gennett 0-0: Called Strike
0-1: SINGLE (Groundball, 56D, EV 97.5 MPH)
Alex Dickerson to second
Batting: LHB Joey Votto 0-0: Called Strike
0-1: Ball
1-1: Ball
2-1: Ball
3-1: Base on Balls
Alex Dickerson to third
Scooter Gennett to second
Batting: RHB Luke Voit 0-0: Ball
1-0: Hit by Pitch
Alex Dickerson scores
Scooter Gennett to third
Joey Votto to second
Batting: LHB Mike Tauchman 0-0: Ball
1-0: Foul Ball, location: 2F
1-1: Ball
2-1: Ball
3-1: Base on Balls
Scooter Gennett scores
Joey Votto to third
Luke Voit to second
Pitching: RHP Luke Jackson
Batting: RHB Cam Gallagher 0-0: Foul Ball, location: 2F
0-1: Ball
1-1: Swinging Strike
1-2: Ball
2-2: Ball
3-2: Foul Ball, location: 2F
3-2: Foul Ball, location: 2F
3-2: Strikes out swinging
Batting: SHB Freddy Galvis 0-0: Foul Ball, location: 2F
0-1: Ball
1-1: Called Strike
1-2: Ball
2-2: Strikes out swinging
Bottom of the 7th over - 2 runs, 1 hit, 0 errors, 3 left on base; Atlanta 5 - Oakland 3
TOP OF THE 8TH
Atlanta Braves batting - Pitching for Oakland Athletics : RHP DeMarcus Evans
Pitching: RHP Ty Buttrey
Batting: RHB Russell Martin 0-0: Foul Ball, location: 2F
0-1: Foul Ball, location: 2F
0-2: Ball
1-2: Foul Ball, location: 2F
1-2: Ball
2-2: Ball
3-2: Strikes out swinging
Batting: LHB Mallex Smith 0-0: Called Strike
0-1: Ball
1-1: Called Strike
1-2: Ball
2-2: Strikes out looking
Batting: LHB Luis Arraez 0-0: Called Strike
0-1: Called Strike
0-2: Foul Ball, location: 2F
0-2: Fly out, F7 (Line Drive, 7, EV 97.5 MPH)
Top of the 8th over - 0 runs, 0 hits, 0 errors, 0 left on base; Atlanta 5 - Oakland 3
BOTTOM OF THE 8TH
Oakland Athletics batting - Pitching for Atlanta Braves : RHP Luke Jackson
Batting: RHB Yandy Diaz 0-0: Called Strike
0-1: Called Strike
0-2: Foul Ball, location: 2F
0-2: Strikes out swinging
Batting: LHB Alex Dickerson 0-0: Ground out 4-3 (Groundball, 4S, EV 81.9 MPH)
Batting: RHB Nick Solak 0-0: Ball
1-0: Ball
2-0: Swinging Strike
2-1: Called Strike
2-2: Strikes out swinging
Bottom of the 8th over - 0 runs, 0 hits, 0 errors, 0 left on base; Atlanta 5 - Oakland 3
TOP OF THE 9TH
Atlanta Braves batting - Pitching for Oakland Athletics : RHP Ty Buttrey
Pitching: RHP Michael Feliz
Batting: LHB Freddie Freeman 0-0: Ball
1-0: Swinging Strike
1-1: Ball
2-1: Ball
3-1: Foul Ball, location: 2F
3-2: Base on Balls
Batting: LHB Yordan Alvarez 0-0: Called Strike
0-1: Ball
1-1: Ball
2-1: Ball
3-1: Swinging Strike
3-2: DOUBLE (Line Drive, 89D, EV 107.5 MPH)
Freddie Freeman to third
Batting: LHB Corey Seager 0-0: Ball
1-0: Called Strike
1-1: Called Strike
1-2: Ground out U3 (Groundball, 3, EV 86.3 MPH)
Batting: RHB Vladimir Guerrero Jr. 0-0: Ball
1-0: Ball
2-0: Swinging Strike
2-1: Fly out, F7 (Flyball, 7S, EV 89.4 MPH)
Batting: RHB Yasiel Puig 0-0: Fly out, F8 (Flyball, 8LXD, EV 86.9 MPH)
Top of the 9th over - 0 runs, 1 hit, 0 errors, 2 left on base; Atlanta 5 - Oakland 3
BOTTOM OF THE 9TH
Oakland Athletics batting - Pitching for Atlanta Braves : RHP Luke Jackson
Pitching: LHP Brian Moran
Batting: LHB Scooter Gennett 0-0: Ball
1-0: Ball
2-0: Called Strike
2-1: Called Strike
2-2: Strikes out swinging
Batting: LHB Joey Votto 0-0: Called Strike
0-1: Ball
1-1: Ball
2-1: Foul Ball, location: 2F
2-2: Ball
3-2: Foul Ball, location: 2F
3-2: Strikes out swinging
Batting: RHB Luke Voit 0-0: Ball
1-0: Called Strike
1-1: Ground out 6-3 (Groundball, 6, EV 86.9 MPH)
Bottom of the 9th over - 0 runs, 0 hits, 0 errors, 0 left on base; Atlanta 5 - Oakland 3
Friday, September 18th, 2020 - OOTP Baseball 21.5 Build 76